 Dungeon Crawl Stone Soup version 0.30.1-5-ged363bc7ee (webtiles) character file.

Game seed: 14984318451407702514

627 boopmooplesden the Covered (level 7, 0/60 HPs)
             Began as an Armataur Fighter on Sept 19, 2023.
             Slain by an orc warrior
             ... wielding a +0 long sword
              (9 damage)
             ... on level 4 of the Dungeon.
             The game lasted 00:04:44 (3001 turns).

boopmooplesden the Covered (Armataur Fighter)       Turns: 3001, Time: 00:04:45

Health: 0/60       AC: 10    Str: 27    XL:     7   Next: 23%
Magic:  7/7        EV:  6    Int:  9    God:
Gold:   185        SH:  6    Dex: 11    Spells: 6/6 levels left

rFire   . . .        a - +0 long sword
rCold   . . .        c - +1 buckler
rNeg    . . .        h - +0 chain mail
rPois   .            (no helmet)
rElec   .            w - +0 cloak
rCorr   .            (no gloves)
SInv    .            (no barding)
Will    .....        (no amulet) Stlth
                     t - +6 ring of strength
HPRegen 0.30/turn    (no ring)
MPRegen 0.10/turn

%: roll
@: brilliant
A: large, rugged brown scales 3, deformed body, armoured tail, roll, long
tongue, awkward tongue
a: no special abilities


You were on level 4 of the Dungeon.
You visited 1 branch of the dungeon, and saw 4 of its levels.

You collected 185 gold pieces.

Inventory:

Hand Weapons
 a - a +0 long sword (weapon)
Armour
 b - a +0 scale mail
 c - a +1 buckler (worn)
 h - a +0 chain mail (worn)
 w - a +0 cloak (worn)
Jewellery
 d - an amulet of magic regeneration
 j - an amulet of the acrobat
 m - a ring of positive energy
 t - a +6 ring of strength (left hand)
 v - a ring of ice
Scrolls
 g - a scroll of fear
 i - 3 scrolls of identify
 q - 4 scrolls of teleportation
 u - a scroll of blinking
Potions
 e - 3 potions of flight
 f - a potion of ambrosia {unknown}
 k - a potion of magic
 l - 2 potions of degeneration {unknown}
 n - a potion of curing {unknown}
 o - 2 potions of brilliance
 p - a potion of cancellation {unknown}
 r - a potion of invisibility {unknown}
 s - 2 potions of attraction {unknown}


   Skills:
 + Level 3.6 Fighting
 + Level 5.0 Long Blades
 + Level 6.2 Armour
 + Level 0.4 Dodging
 + Level 0.1 Stealth
 + Level 4.4 Shields


You had 6 spell levels left.
You didn't know any spells.
Your spell library contained the following spells:

 Spells                   Type           Power      Damage    Failure   Level
 Slow                     Hex            0%         N/A       90%         1
 Ensorcelled Hibernation  Hex/Ice        0%         N/A       97%         2
 Confusing Touch          Hex            0%         N/A       99%         3
 Spider Form              Tmut/Pois      0%         N/A       99%         3
 Tukima's Dance           Hex            0%         N/A       99%         3
 Vampiric Draining        Necr           0%         2d6       99%         3
 Anguish                  Hex/Necr       0%         N/A       100%        4
 Passage of Golubria      Tloc           0%         N/A       100%        4
 Yara's Violent Unravell  Hex/Tmut       0%         3d3       100%        5


Dungeon Overview and Level Annotations

Branches:
Dungeon (4/15)
 Temple: D:4-7

Altars:
Zin

Annotations:
D:4 3 runed translucent doors, chicagocrazy's ghost, amateur DsFi


Innate Abilities, Weirdness & Mutations

You are completely covered in rugged brown scales. (AC +3, +7% HP)
Armour fits poorly on your strangely shaped body.
You have a long armoured tail.
You roll when moving toward enemies. (Rampage)
Your long tongue fully drains potion bottles. (2x potion effects)
Your tongue gives you trouble enunciating. (1.5x scroll delay)


Message History

The ogre hits you with a +0 giant spiked club.
You slash the ogre!
The ogre is heavily wounded.
The ogre barely misses you.
You hit the ogre.
The ogre is severely wounded.
The ogre closely misses you.
You hit the ogre.
Your tail-slap misses the ogre.
The ogre is almost dead.
You hit the ogre but do no damage. You tail-slap the ogre.
The ogre is almost dead.
The ogre hits you with a +0 giant spiked club!
You slash the ogre!
You kill the ogre!
You block the orc warrior's attack.
Your Long Blades skill increases to level 5!
You closely miss the orc warrior.
The orc warrior hits you with a +0 long sword.
You hit the orc warrior but do no damage.
The orc warrior hits you with a +0 long sword!
You barely miss the orc warrior.
The orc warrior hits you but does no damage.
You barely miss the orc warrior.
The orc warrior hits you with a +0 long sword.
You hit the orc warrior but do no damage.
You block the orc warrior's attack.
You closely miss the orc warrior.
Your tail-slap misses the orc warrior.
The orc warrior hits you with a +0 long sword!
* * * LOW HITPOINT WARNING * * *
The orc warrior hits you but does no damage.
You hit the orc warrior but do no damage.
The orc warrior hits you with a +0 long sword!
* * * LOW HITPOINT WARNING * * *
You see here 3 stones.
You are too injured to fight recklessly!
It was a potion of brilliance.
You feel clever all of a sudden.
You slurp down every last drop of the potion of brilliance!
The orc warrior hits you with a +0 long sword!
You die...

#.....#.......#hS...
.....#.......######
.....#.............
... #.............
... #########.##.#
#.# #....# #)#
#########.## #o#
#.......#.#
#@#####.#####.#.#
#.##.......##.#.#
#....##.##......#
#######.#####.###
#.#####.# #.......#
############ #...
#.##


You could see an orc warrior.

Vanquished Creatures
  A hornet (D:4)
  An ogre (D:4)
  A scorpion (D:3)
  A gnoll bouda (D:4)
  A hound (D:4)
  2 iguanas (D:4)
  5 gnolls (D:4)
  2 adders
  A white imp (D:4)
  A worm (D:4)
  6 dart slugs
  7 orcs
  6 endoplasms
  3 giant cockroaches
  10 goblins
  9 hobgoblins
  4 quokkas
  10 ball pythons
  7 bats
  5 frilled lizards
  7 kobolds
  5 rats
95 creatures vanquished.

Notes
Turn   | Place    | Note
-------+----------+-------------------------------------------
     0 | D:1      | boopmooplesden the Armataur Fighter began the quest for the
                  | Orb.
     0 | D:1      | Reached XP level 1. HP: 19/19 MP: 1/1
   193 | D:1      | Reached XP level 2. HP: 24/26 MP: 2/2
   284 | D:1      | Reached skill level 4 in Armour
   694 | D:2      | Reached XP level 3. HP: 25/32 MP: 3/3
   751 | D:2      | Found a faded altar of an unknown god.
  1353 | D:3      | Noticed a scorpion
  1362 | D:3      | Killed a scorpion
  1363 | D:3      | Reached XP level 4. HP: 20/40 MP: 4/4
  1708 | D:3      | Found a glowing silver altar of Zin.
  1903 | D:3      | Reached XP level 5. HP: 47/48 MP: 5/5
  2276 | D:4      | HP: 1/48 [iguana (5)]
  2278 | D:4      | Reached skill level 5 in Armour
  2538 | D:4      | Noticed a hornet
  2547 | D:4      | Killed a hornet
  2548 | D:4      | Reached skill level 6 in Armour
  2548 | D:4      | Reached XP level 6. HP: 38/54 MP: 6/6
  2649 | D:4      | Noticed chicagocrazy's ghost (amateur DsFi)
  2659 | D:4      | Found a runed translucent gate.
  2659 | D:4      | Found a runed translucent gate.
  2661 | D:4      | Found a runed translucent gate.
  2781 | D:4      | Reached XP level 7. HP: 49/60 MP: 7/7
  2993 | D:4      | Reached skill level 5 in Long Blades
  3001 | D:4      | Slain by an orc warrior

Illustrated notes

Levels and vault maps discovered:
D:1:      minmay_arrival_stone_box, layout_basic, minmay_tromino_i4
D:2:      layout_loops_cross, basic_ecumenical_altar
D:3:      layout_rooms, mainiacjoe_overflow_boulevard, serial_bayou_pond_c
D:4:      cheibrodos_barr_body, layout_loops_cross, gammafunk_ghost_split

Skill      XL: |  1  2  3  4  5  6  7 |
---------------+----------------------+-----
Long Blades    | 2 3 4 5 |  5.0
Armour         | 4 6 |  6.2
Fighting       | 3 |  3.6
Shields        | 4 |  4.4
Dodging        | |  0.4
Stealth        | |  0.1

Action                     |  1- 3 |  4- 6 |  7- 9 || total
---------------------------+-------+-------+-------++-------
  Melee: Long sword        |   117 |   165 |    26 ||   308
         Tailslap          |    11 |    23 |     5 ||    39
    Use: Scroll            |     5 |     3 |       ||     8
         Potion            |       |     1 |     1 ||     2
 Armour: Chain mail        |    87 |   103 |    10 ||   200
         Scale mail        |     7 |       |       ||     7
  Dodge: Dodged            |    30 |    44 |     6 ||    80
  Block: Buckler           |    35 |    38 |     5 ||    78
